 Dungeon Crawl Stone Soup version 0.28.0 (webtiles) character file.

Game seed: 9622648392148454248

16 freelancePsychic the Skirmisher (level 2, -3/27 HPs)
             Began as a Minotaur Fighter on Feb 13, 2022.
             Succumbed to a kobold's poison
             ... on level 1 of the Dungeon.
             The game lasted 00:00:35 (270 turns).

freelancePsychic the Skirmisher (Minotaur Fighter)   Turns: 270, Time: 00:00:35

Health: -3/27      AC:  6    Str: 20    XL:     2   Next: 41%
Magic:  1/1        EV:  9    Int:  5    God:
Gold:   0          SH:  4    Dex:  9    Spells: 1/1 levels left

rFire   . . .      SeeInvis .   a - +0 war axe
rCold   . . .      Faith    .   c - +0 buckler
rNeg    . . .      Spirit   .   b - +0 scale mail
rPois   .          Reflect  .   (helmet restricted)
rElec   .          Harm     .   (no cloak)
rCorr   .          Rampage  .   (no gloves)
Will    .....                   (no boots)
Stlth   ..........              (no amulet)
HPRegen 0.09/turn               (no ring)
MPRegen 0.07/turn               (no ring)

@: lethally poisoned (-3 -> -19)
A: horns 2, retaliatory headbutt
a: no special abilities


You were on level 1 of the Dungeon.
You visited 1 branch of the dungeon, and saw 1 of its levels.

Inventory:

Hand Weapons
 a - a +0 war axe (weapon)
Armour
 b - a +0 scale mail (worn)
 c - a +0 buckler (worn)
Potions
 d - a potion of might
 e - a potion of flight {unknown}


   Skills:
 + Level 4.0 Fighting
 * Level 3.4 Axes
 - Level 3.6 Armour
 - Level 3.6 Shields


You had one spell level left.
You didn't know any spells.
Your spell library was empty.

Dungeon Overview and Level Annotations

Branches:
Dungeon (1/15)

Altars:


Innate Abilities, Weirdness & Mutations

You have a pair of horns on your head.
You reflexively headbutt those who attack you in melee.


Message History

The kobold completely misses you.
You closely miss the kobold. Your headbutt misses the kobold.
You feel very sick.
The kobold hits you with a +1 dagger of venom.
You are lethally poisoned!
You are too injured to fight recklessly!
You are too injured to fight recklessly!
You are too injured to fight recklessly!
You are too injured to fight recklessly!
You are too injured to fight recklessly!
You are too injured to fight recklessly!
You are too injured to fight recklessly!
You are too injured to fight recklessly!
You are too injured to fight recklessly!
You are too injured to fight recklessly!
You are too injured to fight recklessly!
You are too injured to fight recklessly!
You are too injured to fight recklessly!
You are too injured to fight recklessly!
You are too injured to fight recklessly!
You are too injured to fight recklessly!
You are too injured to fight recklessly!
You are too injured to fight recklessly!
You are too injured to fight recklessly!
You are too injured to fight recklessly!
You are too injured to fight recklessly!
You closely miss the kobold.
You feel very sick. You block the kobold's attack.
You barely miss the kobold.
* * * LOW HITPOINT WARNING * * *
You feel very sick. The kobold barely misses you.
The kobold hits you but does no damage.
You are more poisoned.
You closely miss the kobold.
* * * LOW HITPOINT WARNING * * *
You feel very sick. You block the kobold's attack.
You closely miss the kobold.
You die...

#########
#.......# ###
#.......# #...
#.......####
##....#..........#
......K@.).......#
##....####.##[...#
#... #..# ### ....
##†## ... #.†# ..
.######.#######. .
................
.#######.#####.
#.......#


You could see a kobold.

Vanquished Creatures
  A gnoll (D:1)
  4 jackals (D:1)
  A kobold (D:1)
6 creatures vanquished.

Notes
Turn   | Place    | Note
-------+----------+-------------------------------------------
     0 | D:1      | freelancePsychic the Minotaur Fighter began the quest for
                  | the Orb.
     0 | D:1      | Reached XP level 1. HP: 19/19 MP: 0/0
     2 | D:1      | Noticed a naga
     2 | D:1      | Noticed a minotaur
     4 | D:1      | Noticed an elf
     6 | D:1      | Noticed a formicid
     8 | D:1      | Noticed an octopode
    11 | D:1      | Noticed a vine stalker
    13 | D:1      | Noticed a tengu
    13 | D:1      | Noticed a demonspawn
    15 | D:1      | Noticed a vampire
    17 | D:1      | Noticed a draconian
    17 | D:1      | Noticed a merfolk
    19 | D:1      | Noticed a dwarf
    19 | D:1      | Noticed a demigod
    21 | D:1      | Noticed a gargoyle
    21 | D:1      | Noticed a human
    23 | D:1      | Noticed a ghoul
    23 | D:1      | Noticed an ogre
    25 | D:1      | Noticed a felid
    25 | D:1      | Noticed a troll
    27 | D:1      | Noticed a spriggan
   260 | D:1      | Reached skill level 4 in Fighting
   260 | D:1      | Reached XP level 2. HP: 27/27 MP: 1/1
   270 | D:1      | Succumbed to a kobold's poison

Illustrated notes

Levels and vault maps discovered:
D:1:      kb_arrival_jail, layout_basic

Skill      XL: |  1 |
---------------+----+-----
Axes           | 3 |  3.4
Fighting       | 4 |  4.0
Armour         | |  3.6
Shields        | |  3.6

Action                   || total
-------------------------++-------
Melee: War axe           ||    24
       Headbutt          ||     4
Armor: Scale mail        ||    13
Dodge: Dodged            ||    14
Block: Buckler           ||     7
